 Dungeon Crawl Stone Soup version 0.27-a0-797-g27d10ad80f (webtiles) character file.

Game seed: 5316356201415571521

45 polve the Slasher (level 3, -2/29 HPs)
             Began as a Demonspawn Abyssal Knight on Mar 27, 2021.
             Was a Follower of Lugonu.
             Slain by a goblin
             ... wielding a +0 dagger
             ... led by Robin
              (5 damage)
             ... on level 2 of the Dungeon.
             The game lasted 00:01:31 (2012 turns).

polve the Slasher (Demonspawn Abyssal Knight)       Turns: 2012, Time: 00:01:31

Health: -2/29      AC:  5    Str: 12    XL:     3   Next: 42%
Magic:  4/4        EV: 11    Int: 14    God:    Lugonu [*.....]
Gold:   47         SH:  0    Dex: 12    Spells: 2/2 levels left

rFire    . . .     SeeInvis .   a - +2 falchion
rCold    . . .     Faith    .   (no shield)
rNeg     . . .     Spirit   .   b - +0 leather armour
rPois    .         Reflect  .   (no helmet)
rElec    .         Harm     .   (no cloak)
rCorr    .         Rampage  .   (no gloves)
Will     .....                  (no boots)
Stlth    +.........             (no amulet)
HPRegen  0.09/turn              (no ring)
MPRegen  0.09/turn              (no ring)

@: mighty
A: molten scales 1
a: Renounce Religion, Depart the Abyss


You were on level 2 of the Dungeon.
You worshipped Lugonu.
Lugonu was aware of your devotion.
You visited 1 branch of the dungeon, and saw 2 of its levels.
You visited the Abyss 1 time.

You collected 47 gold pieces.

Inventory:

Hand Weapons
 a - a +2 falchion (weapon)
Armour
 b - a +0 leather armour (worn)
Scrolls
 g - a scroll of fog
Potions
 c - a potion of curing {unknown}


   Skills:
 - Level 3.0 Fighting
 + Level 3.5 Long Blades
 - Level 1.7 Armour
 - Level 0.8 Dodging
 - Level 2.4 Invocations


You had 2 spell levels left.
You didn't know any spells.
Your spell library was empty.

Dungeon Overview and Level Annotations

Branches:
Dungeon (2/15)

Altars:

Shops:
D:2 *

Annotations:
D:2 Robin


Innate Abilities, Weirdness & Mutations

You are partially covered in molten scales. (AC +2)


Message History

You slice the goblin!!
You kill the goblin!
Lugonu accepts your kill. The hobgoblin misses you.
The goblin barely misses you.
Robin roars a battlecry!
The goblin goes into a battle-frenzy!
The hobgoblin barely misses you.
You riposte.
You closely miss the hobgoblin. The goblin hits you with a +0 dagger.
* * * LOW HITPOINT WARNING * * *
Things that are here:
a +0 club; a goblin corpse The goblin unwields a +0 dagger.
The goblin wields a +0 hunting sling.
The goblin shoots a stone.
The stone closely misses you.
You slash the hobgoblin!
You kill the hobgoblin!
Lugonu accepts your kill.
You hit the goblin.
You kill the goblin!
Lugonu accepts your kill.
You hit the hobgoblin.
The hobgoblin is moderately wounded.
A worm comes into view.
You slash the hobgoblin!
You kill the hobgoblin!
Lugonu accepts your kill. Robin throws the goblin at you!
* * * LOW HITPOINT WARNING * * *
What are your orders? t - Shout!
Orders for allies: a - Attack new target. r - Retreat! s - Stop attacking. g - Guard the area. f - Follow me.
Anything else - Cancel.
Okay, then.
Robin throws the goblin at you! The goblin hits you but does no damage.
The goblin no longer looks unusually strong.
Robin roars a battlecry!
The goblins go into a battle-frenzy!
The goblin hits you with a +0 dagger.
You die...

#####.## ##...## #..##.###
##.....## #.8.....#
##.......#
.######..#....###g........
......8.∩.8.....g.g.......
######.<#....#g#.........
#.8#..#g#g##.......#
#..#.##g#g###gg...##
#.#@g.#.#)# ##...##
#..g.g.g#.# ##g##
###....g).# #.#
#.###########.#### #w#
#.g...g..# #.# #.)..g.#.#
#.# g.g..g......# #.#
g###........# #.#
#.#.#.....


You could see a worm, Robin, a hobgoblin (strong) and 3 goblins.

Vanquished Creatures
  A dart slug (D:1)
  4 bats
  2 endoplasms
  10 goblins
  5 hobgoblins
  A quokka (D:2)
  5 ball pythons (D:1)
  5 frilled lizards (D:1)
  4 kobolds (D:1)
  2 rats (D:1)
39 creatures vanquished.

Notes
Turn   | Place    | Note
-------+----------+-------------------------------------------
     0 | Abyss:1  | polve the Demonspawn Abyssal Knight began the quest for the
                  | Orb.
     0 | Abyss:1  | Reached XP level 1. HP: 18/18 MP: 2/2
    70 | Abyss:1  | Noticed a small abomination
    91 | Abyss:1  | Noticed a smoke demon
    93 | D:1      | Escaped the Abyss
   504 | D:1      | Reached * piety under Lugonu
   783 | D:1      | Gained mutation: You are partially covered in molten
                  | scales. (AC +2) [demonic ancestry]
   783 | D:1      | Reached XP level 2. HP: 21/24 MP: 3/3
  1517 | D:1      | Reached XP level 3. HP: 29/29 MP: 4/4
  1895 | D:2      | Found Hoozudd's General Store.
  1977 | D:2      | Noticed Robin
  2012 | D:2      | Slain by a goblin

Illustrated notes

Levels and vault maps discovered:
D:1:      denvon_arrival_hothouse, layout_loops_corners
D:2:      layout_loops_corners, grunt_temple_overflow_magic_moments,
          chequers_temple_overflow_statue_of_worship, serial_shops,
          nicolae_shop_statue_plus, uniq_robin

Skill      XL: |  1  2 |
---------------+-------+-----
Long Blades    | 2 3 |  3.5
Fighting       | |  3.0
Armour         | |  1.7
Dodging        | |  0.8
Invocations    | |  2.4

Action                   || total
-------------------------++-------
Melee: Falchion          ||    92
Invok: Depart the Abyss  ||     1
  Use: Scroll            ||     4
       Potion            ||     2
Armor: Leather armour    ||    27
Dodge: Dodged            ||    76
       Rpst.: Falchion   ||    19

Table legend: (Time is in decaauts)
 A = Elapsed time spent in this place.
 B = Non-inter-level travel time spent in this place.
 C = Inter-level travel time spent in this place.
 D = Time resting spent in this place.
 E = Time spent auto-exploring this place.
 F = Levels seen in this place.
 G = Mean time per level.
                   A        B        C        D        E       F      G
               +--------+--------+--------+--------+--------+-----+--------+
         Total |   2025 |   1990 |     35 |      0 |   1729 |   3 |  675.0 |
       Dungeon |   1932 |   1897 |     35 |      0 |   1659 |   2 |  966.0 |
         Abyss |     93 |     93 |      0 |      0 |     70 |   1 |   93.0 |
               +--------+--------+--------+--------+--------+-----+--------+

Top non-repeatable levels by time:
     D:1: 1652 daAuts
     D:2: 280 daAuts
 Abyss:1: 93 daAuts
